 Dungeon Crawl Stone Soup version 0.20-a0-1074-g6a0a8e1 (webtiles) character file.

8276 JiminyMac the Basher (level 11, -4/101 HPs)
             Began as a Minotaur Berserker on Apr 29, 2017.
             Was a High Priest of Trog.
             Slain by an ogre
             ... wielding a +0 giant club
              (12 damage)
             ... on level 9 of the Dungeon.
             The game lasted 00:33:25 (9778 turns).

JiminyMac the Basher (Minotaur Berserker)           Turns: 9778, Time: 00:33:26

Health: -4/101     AC: 11    Str: 23    XL:     11   Next: 7%
Magic:  3/3        EV: 11    Int:  4    God:    Trog [*****.]
Gold:   582        SH:  0    Dex: 12    Spells: 10/10 levels left

rFire    . . .     SeeInvis .   N - +2 battleaxe (antimagic)
rCold    . . .     Gourm    .   (shield currently unavailable)
rNeg     . . .     Faith    .   y - +0 chain mail
rPois    .         Spirit   .   (helmet restricted)
rElec    .         Reflect  .   (no cloak)
rCorr    .         Harm     .   (no gloves)
MR       .....                  (no boots)
Stlth    ..........             (no amulet)
Regen    0.3/turn               u - +2 ring of evasion
MPRegen  0.1/turn               (no ring)

@: slowed, very slow
A: retaliatory headbutt, horns 2
a: Berserk, Trog's Hand, Brothers in Arms, Burn Spellbooks, Renounce Religion


You were on level 9 of the Dungeon.
You worshipped Trog.
Trog was extremely pleased with you.
You were very hungry.

You visited 1 branch of the dungeon, and saw 9 of its levels.
You also visited: Ossuary.

You collected 582 gold pieces.

Inventory:

Hand Weapons
 a - a +0 hand axe
 E - a +4 dire flail of holy wrath
 L - a +3 antimagic great mace
 N - a +2 antimagic battleaxe (weapon)
Missiles
 v - 5 tomahawks of returning (quivered)
Armour
 y - a +0 chain mail (worn)
Jewellery
 u - a +2 ring of evasion (left hand)
Wands
 w - a wand of disintegration (6/24)
 F - a wand of disintegration (12/24)
 M - a wand of iceblast (4/15)
 Q - a wand of polymorph (12/24)
 S - a wand of random effects (32/48)
Scrolls
 b - 5 scrolls of immolation {unknown}
 d - 5 scrolls of enchant armour {unknown}
 e - 6 scrolls of remove curse {unknown}
 f - 7 scrolls of teleportation {unknown}
 g - 2 scrolls of amnesia {unknown}
 h - 11 scrolls of identify {unknown}
 j - 3 scrolls of fog {unknown}
 k - 5 scrolls of recharging {unknown}
 o - 3 scrolls of enchant weapon {unknown}
 z - a scroll of summoning {unknown}
 A - a scroll of random uselessness {unknown}
 I - 2 scrolls of blinking {unknown}
Potions
 i - a potion of haste {unknown}
 l - 3 potions of flight {unknown}
 m - 6 potions of curing {unknown}
 p - a potion of ambrosia {unknown}
 s - 3 potions of brilliance {unknown}
 t - 4 potions of invisibility {unknown}
 x - a potion of resistance {unknown}
 C - a potion of might {unknown}
 D - a potion of heal wounds {unknown}
 G - a potion of agility
 J - a potion of lignification {unknown}
 O - a potion of magic {unknown}
Books
 q - a book of Misfortune

   Spells                             Type                      Level
   a - Confusing Touch                Hexes                        1
   b - Confuse                        Hexes                        3
   c - Gell's Gravitas                Translocation                3
   d - Petrify                        Transmutation/Earth          4
   e - Metabolic Englaciation         Hexes/Ice                    5
   f - Yara's Violent Unravelling     Hexes/Transmutation          5
   Trog disapproves of the use of such an item.
 r - a book of Necromancy

   Spells                             Type                      Level
   a - Pain                           Necromancy                   1
   b - Animate Skeleton               Necromancy                   1
   c - Vampiric Draining              Necromancy                   3
   d - Regeneration                   Charms/Necromancy            3
   e - Animate Dead                   Necromancy                   4
   f - Control Undead                 Necromancy                   4
   Trog disapproves of the use of such an item.
 B - a book of Callings

   Spells                             Type                      Level
   a - Summon Small Mammal            Summoning                    1
   b - Call Imp                       Summoning                    2
   c - Call Canine Familiar           Summoning                    3
   d - Summon Guardian Golem          Hexes/Summoning              3
   e - Summon Lightning Spire         Summoning/Air                4
   f - Summon Ice Beast               Ice/Summoning                4
   Trog disapproves of the use of such an item.
 H - a book of Maledictions

   Spells                             Type                      Level
   a - Corona                         Hexes                        1
   b - Ensorcelled Hibernation        Hexes/Ice                    2
   c - Confuse                        Hexes                        3
   d - Tukima's Dance                 Hexes                        3
   e - Dazzling Spray                 Conjuration/Hexes            3
   Trog disapproves of the use of such an item.
Comestibles
 c - 6 bread rations
 n - 6 royal jellies
 K - a meat ration
 R - 4 chunks of flesh


   Skills:
 + Level 10.8 Fighting
 * Level 10.3(12.2) Axes
 - Level 10.9(12.5) Maces & Flails
 + Level 10.2 Armour
 - Level 2.1 Dodging


You had 10 spell levels left.
You didn't know any spells.

Dungeon Overview and Level Annotations

Branches:
Dungeon (9/15)             Temple (0/1) D:7            Lair (0/6) D:9
    Orc (0/2) D:9

Altars:
Cheibriados
Elyvilon
Gozag
Ru
Sif Muna
Wu Jian
Yredelemnul
The Shining One

Shops:
D:4 *


Innate Abilities, Weirdness & Mutations

You reflexively headbutt those who attack you in melee.
You have a pair of horns on your head.


Message History

You slice the orc warrior!!
You kill the orc warrior!
Trog accepts your kill.
The gnoll sergeant hits you from afar with a spear of piercing.
* * * LOW HITPOINT WARNING * * *
x2 The gnoll sergeant hits you from afar with a spear.
* * * LOW HITPOINT WARNING * * *
You slice the ogre!!
The ogre is severely wounded.
The ogre barely misses you.
The gnoll sergeant hits you from afar with a spear.
* * * LOW HITPOINT WARNING * * *
The gnoll sergeant hits you but does no damage. x2
The gnoll sergeant closely misses you. The ogre hits you with a giant club!
* * * LOW HITPOINT WARNING * * *
The gnoll sergeant hits you but does no damage.
The gnoll sergeant hits you but does no damage.
The ogre barely misses you. The ogre hits you with a giant club!
You die...

##+#####.. #.# #.. #.# #..
#.# #.. ######### #.# #..
#.......# #.# #.# #.......#
#.# #.# #g......#####.# #.#
#######.#O@.........#####.#
#8.Og8#g####'#............#
#.ooOg#.# #.#.############


#.oog.OO# #.#.# #.oTg.#.# #.#.# #8.KO8#.# #.#.########### #######.#.
#.#...........## ...... #.#............. .....##+#............. You could see an
ogre and a gnoll sergeant.

Vanquished Creatures
  The ghost of Jraekied the Spear-Bearer, a novice GnSk of Jiyva (D:8)
  Pikel (D:6)
  The ghost of Raine357 the Digger, an amateur DgEE (D:4)
  2 hippogriffs
  11 yaks
  2 hogs (D:7)
  A human (D:7)
  Edmund (D:6)
  2 ice beasts
  5 sky beasts
  3 orc warriors (D:9)
  A phantom (D:7)
  2 black bears
  4 ogres
  3 centaurs
  2 big kobolds
  2 elf zombies (Ossuary)
  3 bullfrogs
  3 scorpions
  A wyvern skeleton (D:7)
  5 killer bees (D:9)
  4 wights (D:8)
  2 howler monkeys
  3 crimson imps
  2 centaur zombies (Ossuary)
  3 hounds
  A human zombie (Ossuary)
  A jelly (D:6)
  3 bullfrog skeletons
  3 orc priests
  13 orc wizards
  Crazy Yiuf (D:6)
  Jessica (D:2)
  Natasha (twice) (D:3)
  2 iguanas
  Ijyb (D:3)
  6 worker ants
  2 killer bee zombies
  2 hound zombies
  4 mummies
  A howler monkey zombie (D:5)
  2 worker ant zombies
  A howler monkey skeleton (D:4)
  5 gnolls
  14 adders
  A shadow imp (D:8)
  2 oozes
  4 adder zombies
  2 worms (D:2)
  3 dart slugs
  8 leopard geckos
  44 orcs
  5 bats
  3 giant cockroaches
  A gnoll zombie (Ossuary)
  7 goblins
  7 hobgoblins
  5 jackals
  4 quokkas
  3 ball pythons
  7 frilled lizards
  4 goblin zombies (Ossuary)
  4 hobgoblin zombies (Ossuary)
  5 jackal zombies (Ossuary)
  14 kobolds
  3 kobold zombies (Ossuary)
  An orc zombie (Ossuary)
  2 quokka skeletons (D:7)
  5 quokka zombies (Ossuary)
  9 rats
  5 rat zombies (Ossuary)
293 creatures vanquished.

Vanquished Creatures (others)
  2 slaves (D:6)
2 creatures vanquished.

Grand Total: 295 creatures vanquished

Notes
Turn   | Place    | Note
-------+----------+-------------------------------------------
     0 | D:1      | JiminyMac the Minotaur Berserker began the quest for the Orb.
     0 | D:1      | Reached XP level 1. HP: 19/19 MP: 0/0
    67 | D:1      | Reached XP level 2. HP: 27/27 MP: 1/1
   658 | D:1      | Reached XP level 3. HP: 28/33 MP: 2/2
  1030 | D:1      | Reached ** piety under Trog
  1135 | D:2      | Noticed Jessica
  1139 | D:2      | Killed Jessica
  1139 | D:2      | Reached skill level 5 in Axes
  1139 | D:2      | Reached XP level 4. HP: 41/41 MP: 3/3
  1374 | D:2      | Found an ornate altar of the Wu Jian Council.
  1374 | D:2      | Found an opulent altar of Gozag.
  1375 | D:2      | Found a white marble altar of Elyvilon.
  1542 | D:2      | Found a sacrificial altar of Ru.
  1709 | D:3      | Reached XP level 5. HP: 37/47 MP: 4/4
  1956 | D:3      | Noticed Ijyb
  2101 | D:3      | Killed Ijyb
  2101 | D:3      | Reached *** piety under Trog
  2484 | D:3      | Noticed Natasha
  2500 | D:3      | Killed Natasha
  2500 | D:3      | Reached skill level 5 in Fighting
  2565 | D:3      | Reached XP level 6. HP: 44/56 MP: 5/5
  2985 | D:3      | Noticed Natasha
  2994 | D:3      | Killed Natasha
  3155 | D:4      | Found Qobiob's Assorted Antiques.
  3384 | D:4      | Noticed Raine357's ghost (amateur DgEE)
  3391 | D:4      | Killed Raine357's ghost
  3391 | D:4      | Reached skill level 5 in Armour
  3391 | D:4      | Reached XP level 7. HP: 62/62 MP: 6/6
  3659 | D:4      | Reached **** piety under Trog
  4154 | D:5      | Entered Level 5 of the Dungeon
  4184 | D:5      | Found a sand-covered staircase.
  4191 | Ossuary  | Entered an ossuary
  4290 | Ossuary  | Reached XP level 8. HP: 51/71 MP: 7/7
  4627 | D:5      | Reached ***** piety under Trog
  4794 | D:5      | Found a white marble altar of Elyvilon.
  4888 | D:5      | Found a glowing golden altar of the Shining One.
  4955 | D:5      | Found a basalt altar of Yredelemnul.
  4957 | D:5      | Noticed a profane servitor
  5564 | D:5      | Reached skill level 10 in Axes
  5689 | D:5      | Noticed an angel
  5727 | D:6      | Noticed Edmund
  5728 | D:6      | Found a snail-covered altar of Cheibriados.
  5733 | D:6      | Killed Edmund
  5813 | D:6      | Reached skill level 1 in Maces & Flails
  5956 | D:6      | Noticed Pikel
  5969 | D:6      | Killed Pikel
  5969 | D:6      | Reached XP level 9. HP: 81/81 MP: 8/8
  6024 | D:6      | Found a runed door.
  6028 | D:6      | Noticed Crazy Yiuf
  6030 | D:6      | Killed Crazy Yiuf
  6306 | D:6      | Found a deep blue altar of Sif Muna.
  6367 | D:6      | Reached skill level 5 in Maces & Flails
  6885 | D:7      | Reached XP level 10. HP: 78/91 MP: 9/9
  7203 | D:7      | Received a gift from Trog
  7222 | D:7      | Reached skill level 10 in Fighting
  7311 | D:7      | Found a staircase to the Ecumenical Temple.
  8343 | D:8      | Noticed Jraekied's ghost (novice GnSk)
  8354 | D:8      | Killed Jraekied's ghost
  8354 | D:8      | Reached skill level 10 in Maces & Flails
  8627 | D:8      | Reached skill level 10 in Armour
  8841 | D:9      | Received a gift from Trog
  9452 | D:9      | Reached XP level 11. HP: 95/101 MP: 3/10
  9668 | D:9      | Found a staircase to the Lair.
  9753 | D:9      | Found a staircase to the Orcish Mines.
  9778 | D:9      | Slain by an ogre

Vault maps used:
D:1:      wheals_arrival_linesprint
D:2:      lemuel_coloured_pillars_altar, gammafunk_temple_overflow_claw,
          uniq_jessica
D:3:      uniq_natasha, uniq_ijyb
D:4:      serial_shops, nicolae_shop_trees
D:5:      grunt_temple_overflow_holy_war, gup_ossuary_entry_pyramid,
          first_bread, elyvilon_altar_5
D:6:      basic_altar, st_stairs_11, cheibriados_altar_1, uniq_pikel,
          uniq_crazy_yiuf_cottage, uniq_edmund
D:7:      temple_fountains, grunt_livestock
D:9:      lair_entry_dummy, kennysheep_orc_monster_closet_entryway
Ossuary:  minmay_ossuary_two_tombs

Skill      XL: |  1  2  3  4  5  6  7  8  9 10 |
---------------+-------------------------------+-----
Axes           | 4 5 6 7 8 10 | 10.3
Fighting       | 4 5 6 8 9 10 | 10.8
Armour         | 3 4 5 7 8 10 | 10.2
Maces & Flails | 3 7 10 | 10.9
Dodging        | |  2.1

Action                   |  1- 3 |  4- 6 |  7- 9 | 10-12 || total
-------------------------+-------+-------+-------+-------++-------
Melee: Hand axe          |    59 |   147 |   234 |       ||   440
       Headbutt          |    10 |    26 |    81 |    43 ||   160
       Dire flail        |       |       |    89 |    54 ||   143
       Great mace        |       |       |       |   154 ||   154
       Battleaxe         |       |       |       |    11 ||    11
Invok: Berserk           |     1 |     2 |     1 |     3 ||     7
  Eat: Chunk             |     2 |     8 |     6 |     4 ||    20
       Meat ration       |       |       |     1 |       ||     1
       Bread ration      |       |       |     1 |     1 ||     2
Armor: Animal skin       |     4 |       |       |       ||     4
       Ring mail         |    10 |    26 |       |       ||    36
       Chain mail        |       |    23 |   121 |   101 ||   245
Dodge: Dodged            |    33 |   104 |   139 |   120 ||   396
